[Event "*** SCC Grand Prix: Titled Tuesday Blitz"]
[Site "Chess.com"]
[Date "2020.09.08"]
[Round "6"]
[White "indfraeng"]
[Black "ExtremeLearner"]
[Result "1-0"]
[WhiteElo "2346"]
[BlackElo "2428"]
[TimeControl "180+1"]
[EndTime "11:08:43 PDT"]
[Termination "indfraeng won by resignation"]

1. d4 Nf6 2. c4 g6 3. g3 Bg7 4. Bg2 O-O 5. Nc3 d6 6. Nf3 c6 7. O-O Bf5 8. Ne1 e5 9. d5 cxd5 10. cxd5 Na6 11. e4 Bg4 12. f3 Bd7 13. Be3 Nc7 14. Nd3 b5 15. Rc1 a6 16. Bb6 Qb8 17. Ba5 Rc8 18. Nb4 Nce8 19. Qd2 h5 20. Ne2 h4 21. g4 Qa7+ 22. Kh1 Rxc1 23. Rxc1 Bxg4 24. Nc6 Qd7 25. fxg4 Nxg4 26. Rf1 Bh6 27. Qd3 Ng7 28. Bh3 f5 29. exf5 gxf5 30. Rxf5 Qxf5 31.
Ne7+ Kh8 32. Qxf5 Nxf5 33. Nxf5 Nf2+ 34. Kg2 Nxh3 35. Nxh6 Ng5 36. Nf5 Nf7 37. Bc3 Rc8 38. Nxd6 Rg8+ 39. Kf2 Nxd6 40. Bxe5+ Kh7 41. Bxd6 Rd8 42.
Be7 Rxd5 43. Bxh4 Rd2 44. Bf6 Kg6 45. Bc3 Rd8 46. h4 Kh5 47. Ng3+ Kg4 48. h5 Rf8+ 49. Kg2 Rf3 50. Nf1 Rd3 51. h6 Kh5 52. h7 Rd8 53.
h8=Q+ Rxh8 54. Bxh8 Kg6 55. Ne3 Kf7 56. Nd5 Ke8 57.
Nc7+ Kd7 58. Nxa6 Kc6 59. Bd4 Kd5 60. Nc7+ Kc4 61. Nxb5 Kxb5 62. Bc3 Ka4 63. Kf3 1-0

[Event "*** SCC Grand Prix: Titled Tuesday Blitz"]
[Site "Chess.com"]
[Date "2020.09.08"]
[Round "6"]
[White "Margency"]
[Black "maxip32"]
[Result "0-1"]
[WhiteElo "2636"]
[BlackElo "2383"]
[TimeControl "180+1"]
[EndTime "11:08:44 PDT"]
[Termination "maxip32 won on time"]

1. e4 c5 2. Nf3 d6 3. d4 cxd4 4.
Nxd4 Nf6 5. Nc3 a6 6. Be3 e5 7. Nb3 Be6 8. f3 Be7 9. Qd2 O-O 10. O-O-O a5 11. Kb1 a4 12. Nc1 a3 13. b3 Ra5 14.
Bc4 Bxc4 15. bxc4 Qc8 16. Nb3 Ra6 17. Nd5 Nxd5 18. cxd5 Nd7 19. Qd3 Ra4 20. Rc1 Rc4 21. Bd2 Bd8 22. c3 b5 23. Be3 Bb6 24. Bxb6 Nxb6 25. Na5 Rc5 26. Nc6 Kh8 27. Ka1 Nc4 28. Rb1 Nb2 29. Qc2 b4 30. Nxb4 Rxc3 31. Qd2 Qc4 32.
Rhc1 Rc8 33. Nc6 Rxc1 34. Rxc1 Qa4 35. Qc3 h6 36. Qb3 Qa6 37. Qc3 Kh7 38. h4 Ra8 39. Ne7 Qe2 40. Qc2 Qe3 41. Nf5 Qb6 42. Qd2 Rb8 43.
Rc6 Qg1+ 44. Rc1 Qb6 45. Rb1 Qa6 46. Qc2 Rc8 47. Qb3 Rc4 48. h5 Rc5 49. Qe3 Rb5 50.
g4 Nc4 51. Qc3 Rxb1+ 52. Kxb1 Qb5+ 53. Kc2 Nb2 54. Qxa3 Qe2+ 55. Kb3 Nd1 56. Qc1 Qxf3+ 57. Kb4 Qxe4+ 0-1

[Event "*** SCC Grand Prix: Titled Tuesday Blitz"]
[Site "Chess.com"]
[Date "2020.09.08"]
[Round "6"]
[White "THE_PLAYER6"]
[Black "Gusarov91"]
[Result "1-0"]
[WhiteElo "2477"]
[BlackElo "2618"]
[TimeControl "180+1"]
[EndTime "11:08:47 PDT"]
[Termination "THE_PLAYER6 won by resignation"]

1. c4 Nf6 2. Nc3 d5 3. cxd5 Nxd5 4. g3 g6 5. Bg2 Nb6 6. Nf3 Bg7 7. O-O O-O 8. d4 Nc6 9. d5 Nb4 10. e4 c6 11. a3 Na6 12. dxc6 bxc6 13. Qxd8 Rxd8 14.
Be3 Nc4 15. Rad1 Bg4 16. Bc1 Nxa3 17. h3 Bxf3 18. Bxf3 Nc4 19. Be2 Nxb2 20. Bxb2 Nc5 21. Rxd8+ Rxd8 22. Rd1 Rxd1+ 23. Nxd1 Nxe4 24. Bf3 f5 25.
Bxe4 Bxb2 26. Bxc6 Bd4 27. Kf1 a5 28. Ke2 Kf7 29.
Kd3 Bb6 30. f3 e5 31. Nc3 h5 32. Ba4 Bf2 33. g4 fxg4 34. fxg4 Be1 35. Nd5 hxg4 36. hxg4 Ke6 37. Ke4 Bg3 38. Be8 g5 39. Ba4 Be1 40. Bb3 Kd6 41. Kf5 a4 42. Ba2 Bd2 43. Nb6 Kc5 44.
Nxa4+ Kd4 45. Bb1 Bf4 46. Nb6 Ke3 47. Be4 Kd4 48. Nd7 Bg3 49. Nf6 Bf4 50. Ng8 Be3 51. Nh6 Bf4 52. Nf7 Bc1 53. Nxe5 Bf4 54. Nf3+ Ke3 55.
Nxg5 Bd6 56. Nf7 Be7 57. Bc6 Kd4 58. Be8 Kd5 59. Ne5 Bh4 60. Bf7+ Kd6 61. Nf3 Bd8 62. Ng5 Ba5 63. Ba2 Ke7 64. Ne4 Be1 65. g5 Kf8 66. g6 Bh4 67. Ng5 Kg7 68. Ne6+ Kh8 69. Kg4 Be1 70.
Kh5 Bc3 71. Kg5 Bd2+ 72. Kf5 Bc3 73. Nf4 Ba1 74. Nh5 Bb2 75. Ke6 Kg8 76. Ke7+ Kh8 77.
Kf8 Bg7+ 78. Kf7 Ba1 79. Bb1 Bb2 80. Nf6 Bxf6 81. Kxf6 Kg8 82. Ba2+ 1-0

[Event "*** SCC Grand Prix: Titled Tuesday Blitz"]
[Site "Chess.com"]
[Date "2020.09.08"]
[Round "6"]
[White "vugarrasulov"]
[Black "Korchmar_Vasiliy"]
[Result "1-0"]
[WhiteElo "2831"]
[BlackElo "2616"]
[TimeControl "180+1"]
[EndTime "11:08:48 PDT"]
[Termination "vugarrasulov won on time"]

1. d4 d5 2. Nc3 Nf6 3. Bg5 Nbd7 4. Qd3 c6 5. O-O-O b5 6. Nf3 b4 7.
Nb1 Qa5 8. a3 e6 9. axb4 Bxb4 10.
Bxf6 Nxf6 11. Ne5 Qc7 12. f3 O-O 13. g4 Rb8 14. e3 c5 15. g5 Nd7 16. f4 c4 17. Qe2 Nxe5 18. fxe5 c3 19. bxc3 Bxc3 20. Nxc3 Qxc3 21. Qd3 Qb2+ 22. Kd2 Bd7 23. Qc3 Qb6 24. Bd3 Rfc8 25. Qa3 Bb5 26. Rb1 Qc6 27. Rhc1 a6 28.
h4 Rb7 29. Rb3 Rbc7 30. Bxb5 axb5 31. Qb4 Rb7 32. Rc3 Qe8 33. Rxc8 Qxc8 34. Ra1 h6 35. gxh6 gxh6 36. c3 Qd8 37. Rg1+ Kh7 38. Qb1+ Kh8 39.
Qf1 Ra7 40. Qf6+ Qxf6 41. exf6 Ra2+ 42. Kd3 Rf2 43. Rb1 Rxf6 44. Rxb5 Kg7 45. c4 dxc4+ 46. Kxc4 Rf3 47. Kd3 Rh3 48. h5 f5 49. d5 exd5 50.
Kd4 Rxh5 51. Rxd5 Kg6 52. Rd8 Rh1 53. Ke5 Rf1 54. Rg8+ Kh5 55. Rf8 1-0

[Event "*** SCC Grand Prix: Titled Tuesday Blitz"]
[Site "Chess.com"]
[Date "2020.09.08"]
[Round "6"]
[White "ferdipy"]
[Black "eightbyeightchess"]
[Result "1-0"]
[WhiteElo "2347"]
[BlackElo "2429"]
[TimeControl "180+1"]
[EndTime "11:08:50 PDT"]
[Termination "ferdipy won by resignation"]

1. e4 d5 2. exd5 Nf6 3. d4 Bg4 4. Be2 Bxe2 5. Nxe2 Qxd5 6. O-O Nc6 7. c4 Qh5 8. d5 Ne5 9. Bf4 Nxc4 10. Qa4+ Nd7 11.
Qxc4 g6 12. Nbc3 Bg7 13. Ng3 Qh4 14. Qxc7 Nf6 15. Rae1 O-O 16. Rxe7 Rac8 17. Qxb7 Qxf4 18. Qxa7 Ng4 19. Nce2 Qd2 20. Ne4 Qxd5 21. h3 Nf6 22.
N4c3 Qc4 23. Rd1 Rb8 24. b3 Qc6 25. Qc7 Qa8 26. Na4 Nd5 27. Rxd5 Qxd5 28. Nec3 Qd2 29. Ne4 Qd1+ 30. Kh2 Rbc8 31. Qd7 Qxd7 32. Rxd7 Rc2 33.
Nac5 Rxa2 34. Kg3 Rb8 35. Kf3 Rc2 36. Nd3 Rxb3 37. Rd8+ Bf8 38. g4 h6 39. h4 Kg7 40.
g5 hxg5 41. hxg5 Be7 42. Rd5 Rc6 43. Kg2 Re6 44. Nec5 Bxc5 45. Nxc5 Rbb6 46. Nxe6+ Rxe6 47. f4 Re3 48. Kf2 Ra3 49. Re5 Kf8 50. Re3 Ra4 51. Kf3 Rb4 52. Re4 Rb1 53. Rd4 Rf1+ 54. Ke4 Ke7 55. Ra4 Rb1 56. Ra7+ Ke6 57. Ra6+ Ke7 58. Ke5 Rb5+ 59. Ke4 Rf5 60. Ra7+ Kd6 61. Ra6+ Kc5 62. Ra5+ Kd6 63. Rxf5 gxf5+ 64. Kxf5 Ke7 65. Ke5 Kf8 66. Kf6 Kg8 67. f5 Kf8 68. g6 Kg8 69. g7 Kh7 70.
Kxf7 Kh6 1-0

[Event "*** SCC Grand Prix: Titled Tuesday Blitz"]
[Site "Chess.com"]
[Date "2020.09.08"]
[Round "6"]
[White "PavelChernomordik"]
[Black "hellokostya"]
[Result "0-1"]
[WhiteElo "2343"]
[BlackElo "2483"]
[TimeControl "180+1"]
[EndTime "11:08:51 PDT"]
[Termination "hellokostya won on time"]

1. e4 c5 2. Nc3 e6 3. f4 Nc6 4.
Nf3 d5 5. Bb5 Nf6 6. e5 Ng8 7.
O-O h5 8. d3 Nh6 9. Ne2 Nf5 10.
c4 d4 11. Bxc6+ bxc6 12. Ng3 Nxg3 13. hxg3 Be7 14. Qa4 h4 15. g4 O-O 16. g5 f6 17.
exf6 gxf6 18. Qxc6 Bd7 19. Qe4 Qe8 20. Nxh4 Qh5 21.
Ng6 f5 22. Nxe7+ Kf7 23. Qe5 Kxe7 24. Qxc5+ Kf7 25. Qxd4 Rad8 26. Qf6+ Kg8 27. Qh6 Qxh6 28. gxh6 Bc6 29. Be3 Rxd3 30. Bxa7 Rd2 31. Rf2 Rd7 32. Bc5 Rfd8 33. Re1 Kf7 34. b4 Rh8 35. b5 Be4 36. Rfe2 Rxh6 37. Rxe4 fxe4 38. Rxe4 Rd1+ 39. Kf2 Ra1 40.
Ke3 Rxa2 41. g4 Rh3+ 42. Kd4 Rc2 43. Ke5 Rhc3 44. f5 exf5 45. gxf5 Rxc4 46. Rxc4 Rxc4 47. Bd4 Rb4 48. b6 Rb5+ 49. Kd6 Rxf5 50. Kc6 Rh5 51. b7 Rh6+ 52. Bf6 Rxf6+ 53. Kc7 Re6 54. b8=Q Re7+ 55. Kd6 Re6+ 56. Kd5 Re7 57. Qf4+ Ke8 58. Kd6 Rd7+ 59. Ke6 Re7+ 60. Kd6 Rd7+ 61. Kc6 Re7 0-1

[Event "*** SCC Grand Prix: Titled Tuesday Blitz"]
[Site "Chess.com"]
[Date "2020.09.08"]
[Round "6"]
[White "Shield12"]
[Black "GigaQuparadze"]
[Result "1-0"]
[WhiteElo "2843"]
[BlackElo "2905"]
[TimeControl "180+1"]
[EndTime "11:08:52 PDT"]
[Termination "Shield12 won by resignation"]

1. e4 c5 2. Nf3 Nc6 3. d4 cxd4 4. Nxd4 Qc7 5. Nc3 e6 6. Be3 a6 7. Qf3 Bd6 8. O-O-O Be5 9. g3 Nge7 10. Qe2 O-O 11. f4 Nxd4 12. Bxd4 Bxd4 13. Rxd4 e5 14. Rd1 exf4 15. e5 f3 16. Qxf3 Qxe5 17. Bg2 d5 18.
Nxd5 Nxd5 19. Qxd5 Qe3+ 20. Qd2 Qb6 21. Qd6 Qa5 22. a3 Be6 23. Rhe1 Rad8 24. Qb4 Qg5+ 25. Kb1 b5 26. Bb7 Qh5 27. Rd2 h6 28. Bxa6 Rb8 29. Qd6 Qg6 30. Re5 Rb6 31. Qxb6 Ba2+ 32. Kxa2 Qxb6 33.
Bxb5 Qf6 34. Red5 Rb8 35. a4 g6 36. c4 Qb6 37. c5 Qa5 38. Kb3 Qc7 39. Kc4 Qe7 40.
c6 Rc8 41. Rd7 Qe4+ 42. Kb3 Qe6+ 43. Ka3 Qe3+ 44. Ka2 Qe6+ 45. b3 Rxc6 46. Bxc6 Qxc6 47. R7d5 Qc3 48. Ka3 Qa1+ 49. Kb4 Qf6 50. a5 Qe7+ 51. Ka4 Qe8+ 52. Rd7 Qe4+ 53. R2d4 Qc6+ 54. Kb4 Qe6 55. R7d6 Qe1+ 56. Kb5 Qe5+ 57. Kb6 Kg7 58. a6 Qe3 59. b4 Qe8 60. a7 Qc8 61. b5 Qe8 62. Kb7 Qe7+ 63. Ka6 Qe8 64. Rd8 Qe6+ 65. b6 Qa2+ 66. Kb7 Qg2+ 67. Kb8 Qb2 68. b7 Qb5 69. a8=Q Qe5+ 70.
R4d6 Qc5 71. Qa7 Qc8+ 72. bxc8=Q 1-0

[Event "*** SCC Grand Prix: Titled Tuesday Blitz"]
[Site "Chess.com"]
[Date "2020.09.08"]
[Round "6"]
[White "Paladin61"]
[Black "Sanan_Sjugirov"]
[Result "0-1"]
[WhiteElo "2643"]
[BlackElo "2841"]
[TimeControl "180+1"]
[EndTime "11:08:53 PDT"]
[Termination "Sanan_Sjugirov won on time"]

1. b3 d5 2. Bb2 Bg4 3. f3 Bf5 4. e3 c5 5. Nc3 Nc6 6. e4 dxe4 7. fxe4 Bg6 8. Nf3 a6 9. g3 Nf6 10. d3 e6 11. Qd2 Be7 12. Bg2 Bh5 13.
O-O O-O 14. Ne2 Nd7 15. Kh1 Rc8 16. Nf4 Bxf3 17. Bxf3 Bf6 18. c3 Nde5 19. Be2 Bg5 20. Rad1 Ng6 21. Qe1 Qe7 22. Qf2 f5 23. Ba3 b6 24. d4 Bxf4 25. gxf4 fxe4 26. Qe3 Qh4 27. Qxe4 Nxf4 28. dxc5 b5 29. Bc1 e5 30. Rd6 Ne7 31. Bxf4 Rxf4 32. Rxf4 Qxf4 33. Qxf4 exf4 34. b4 Kf7 35.
Rxa6 Nd5 36. Bxb5 Nxc3 37. Bc4+ Ke7 38. Kg2 g5 39. Kf3 h5 40. h3 Rb8 41. a3 Nb1 42.
Ra7+ Kf6 43. Ke4 Nd2+ 44. Kd3 Rd8+ 45. Kc3 Nxc4 46. Ra6+ Kf5 47. Kxc4 f3 48. Ra7 Kg6 49.
Ra6+ Kg7 50. Ra7+ Kg8 51. Ra6 f2 52. Rf6 Rf8 53. Rxf2 Rxf2 54. c6 g4 55. hxg4 hxg4 0-1

[Event "*** SCC Grand Prix: Titled Tuesday Blitz"]
[Site "Chess.com"]
[Date "2020.09.08"]
[Round "6"]
[White "Violord"]
[Black "Anton_Demchenko"]
[Result "0-1"]
[WhiteElo "2677"]
[BlackElo "2862"]
[TimeControl "180+1"]
[EndTime "11:08:55 PDT"]
[Termination "Anton_Demchenko won on time"]

1. Nf3 Nf6 2. g3 g6 3. Bg2 Bg7 4. O-O O-O 5. c4 d6 6. d4 Nbd7 7. Nc3 e5 8. e4 exd4 9. Nxd4 Re8 10.
f3 c6 11. Kh1 a5 12. Bf4 Ne5 13. b3 h5 14. Qd2 a4 15. Rad1 axb3 16. axb3 Nfd7 17.
Qc2 h4 18. g4 Qa5 19. h3 Nc5 20. Bc1 Qb6 21. Be3 Qb4 22. Rb1 Ned3 23. Rfd1 Ne5 24. Bf2 Bf6 25. f4 Nxg4 26. hxg4 Bxg4 27. Rg1 h3 28.
Bf1 Bh5 29. f5 Kh7 30. Be2 Bxe2 31. Ndxe2 Ra3 32. Rg3 Rxb3 33. Rxh3+ Kg7 34. Rxb3 Qxb3 35. Qxb3 Nxb3 36. fxg6 fxg6 37. Rd3 Na5 38. Rxd6 Nxc4 39. Rd7+ Re7 40. Rxe7+ Bxe7 41. Nf4 Kf7 42. Kg2 b5 43. Nd3 Bf6 44. Nb1 g5 45. Bc5 Ke6 46. Kf3 Bd8 47. Nb4 Kd7 48. Nc3 Ba5 49. Ne2 Ne5+ 50. Kg3 Ke6 51. Nd4+ Kd7 52. Nb3 Bc7 53. Kg2 Bd6 54.
Kg3 Bxc5 55. Nxc5+ Kd6 56. Nb7+ Kc7 57. Nc5 Kb6 58.
Ncd3 Nc4 59. e5 c5 0-1

[Event "*** SCC Grand Prix: Titled Tuesday Blitz"]
[Site "Chess.com"]
[Date "2020.09.08"]
[Round "6"]
[White "suyu28"]
[Black "MattyDPerrine"]
[Result "0-1"]
[WhiteElo "2552"]
[BlackElo "2368"]
[TimeControl "180+1"]
[EndTime "11:08:56 PDT"]
[Termination "MattyDPerrine won on time"]

1. Nf3 c5 2. c3 Nf6 3. d4 e6 4. Bf4 b6 5. e3 Bb7 6. Nbd2 Be7 7.
Bd3 Nc6 8. a3 d5 9. Qe2 Bd6 10.
Bg3 O-O 11. e4 dxe4 12. Nxe4 Nxe4 13. Qxe4 g6 14. dxc5 Bxc5 15. Qe2 Re8 16. O-O-O Qf6 17. Kb1 Bf8 18. Be4 Na5 19. Bxb7 Nxb7 20. Be5 Qf5+ 21. Ka1 f6 22. g4 Qxg4 23. Bxf6 e5 24. Rhg1 Qe6 25. Bg5 Nc5 26. h4 Nb3+ 27. Kb1 Qf5+ 28.
Ka2 Qe6 29. Kb1 Bg7 30. h5 h6 31. Bxh6 Qf5+ 32. Ka2 Qf7 33. hxg6 Nc1+ 34. Kb1 Qf5+ 35.
Kxc1 Bxh6+ 36. Rd2 Bxd2+ 37. Nxd2 Kg7 38. Ne4 Qf4+ 39.
Kb1 Rad8 40. Qc4 Re7 41. Rh1 Rh8 42. Rxh8 Kxh8 43. Qd5 Kg7 44. Ka2 Qf5 45. Qd3 Qe6+ 46. c4 Qxg6 47. a4 Qe6 48. b3 Rd7 49. Qg3+ Kf8 50.
Qf3+ Ke7 51. Qe3 Qf5 52. Qe2 Qf4 53. Nc3 Rd2+ 54. Ka3 Rxe2 55. Nxe2 Qxf2 56. Nc3 Qc5+ 57. Kb2 Qd4 58. Kc2 e4 59. Nd5+ Kd6 60. Nf4 e3 61. Ne2 Qd2+ 0-1

[Event "*** SCC Grand Prix: Titled Tuesday Blitz"]
[Site "Chess.com"]
[Date "2020.09.08"]
[Round "6"]
[White "Tooweak2slow03"]
[Black "PotapovaM"]
[Result "1-0"]
[WhiteElo "2781"]
[BlackElo "2509"]
[TimeControl "180+1"]
[EndTime "11:08:57 PDT"]
[Termination "Tooweak2slow03 won by checkmate"]

1. e4 c5 2. Nf3 d6 3. d4 cxd4 4. Nxd4 Nf6 5. Nc3 a6 6. a3 g6 7. Be3 Bg7 8. Be2 O-O 9. O-O Nc6 10. Nxc6 bxc6 11. f4 Rb8 12. b4 Nd7 13. Bd4 Bxd4+ 14. Qxd4 Qb6 15. Rfd1 Qxd4+ 16. Rxd4 c5 17. bxc5 Nxc5 18. Nd5 Re8 19. Bf3 Kf8 20. e5 dxe5 21. fxe5 Bf5 22. Rf1 Kg7 23. Bg4 Bxg4 24. Rxg4 Ne6 25.
Ra4 Rb2 26. Rxa6 Rxc2 27. Ra7 Kf8 28. a4 Rc5 29. Nb6 Kg7 30. Nd7 Rc2 31. a5 Nd4 32. e6 Nxe6 33. Ne5 f6 34. Nd7 Rc7 35. Rxc7 Nxc7 36. Rc1 Na8 37. Rc6 Rd8 38. Nc5 Rd1+ 39. Kf2 Kf7 40. Rc8 Rc1 41. Ke3 h5 42. a6 Nb6 43. Rc6 Nd5+ 44. Kd2 Rc4 45. a7 Rd4+ 46. Kc2 Nb4+ 47. Kc3 Nxc6 48. a8=Q Rd6 49. Ne4 Re6 50. Qa2 Nd8 51. Nc5 h4 52. Nxe6 Nxe6 53. Kb4 f5 54.
Qf2 Kf6 55. Qxh4+ g5 56. Qh6+ Ke5 57. Qh8+ Kd6 58. g3 f4 59. gxf4 gxf4 60. h4 Kd5 61. Kc3 Ke4 62. Kd2 Kf5 63. h5 f3 64. h6 Nf4 65. Qf8+ Kg4 66. Qxf4+ Kxf4 67. h7 f2 68. h8=Q f1=Q 69. Qf8+ Ke4 70. Qxf1 Kd5 71. Qf5+ e5 72. Ke3 Kd6 73. Ke4 Ke7 74. Qxe5+ Kd8 75. Qg7 Kc8 76.
Kd5 Kb8 77. Kc6 Kc8 78. Qc7# 1-0

[Event "*** SCC Grand Prix: Titled Tuesday Blitz"]
[Site "Chess.com"]
[Date "2020.09.08"]
[Round "6"]
[White "Carnivoras"]
[Black "RobPeresian"]
[Result "1-0"]
[WhiteElo "2635"]
[BlackElo "2359"]
[TimeControl "180+1"]
[EndTime "11:08:57 PDT"]
[Termination "Carnivoras won by checkmate"]

1. d4 Nf6 2. c4 e6 3. Nc3 Bb4 4.
Qc2 c5 5. dxc5 Bxc5 6. e3 a6 7.
Nf3 Be7 8. b3 Qc7 9. Bb2 b6 10.
Bd3 Bb7 11. O-O-O d6 12. Ne4 Nbd7 13. Nfg5 h6 14. Nxf6+ Nxf6 15. Ne4 Nxe4 16. Bxe4 d5 17. cxd5 Rc8 18. Qxc7 Rxc7+ 19. Kb1 exd5 20. Bxd5 Bxd5 21.
Rxd5 O-O 22. Rc1 Rxc1+ 23. Kxc1 Rc8+ 24. Kd2 Rc6 25. Rd7 Bb4+ 26. Kd3 f6 27. a3 Be1 28. f3 b5 29. e4 Bf2 30. Bc3 Bc5 31. a4 b4 32. Bd2 Bf8 33. Rd4 a5 34. Rd5 Ra6 35.
Bf4 Kf7 36. Bc7 Rc6 37. Bxa5 Rc3+ 38. Ke2 Rxb3 39. Bb6 Rb2+ 40. Rd2 Rb3 41. Ra2 Ra3 42. Rxa3 bxa3 43. Kd3 Bd6 44. Kc2 Bxh2 45. a5 Be5 46.
Kb3 Ke6 47. a6 Bb8 48. Bd4 g5 49. Kxa3 f5 50. exf5+ Kxf5 51. Kb4 Ke6 52. Kc5 Kd7 53. Kb6 Kc8 54. Kc6 h5 55. a7 Bxa7 56. Bxa7 Kd8 57. Be3 g4 58. fxg4 hxg4 59. Kd5 Ke7 60. Ke4 g3 61. Kf4 Kf6 62. Kf3 Kf5 63. Kxg3 Ke4 64. Kf2 Kf5 65. Kf3 Kg6 66. g4 Kf6 67. Kf4 Kg6 68. g5 Kg7 69. Kf5 Kf7 70. Bd4 Kg8 71. g6 Kf8 72. Kf6 Kg8 73. g7 Kh7 74. Kf7 Kh6 75.
g8=Q Kh5 76. Bf6 Kh6 77. Qg6# 1-0

[Event "*** SCC Grand Prix: Titled Tuesday Blitz"]
[Site "Chess.com"]
[Date "2020.09.08"]
[Round "6"]
[White "chessdjw"]
[Black "guillembaches"]
[Result "1/2-1/2"]
[WhiteElo "2573"]
[BlackElo "2415"]
[TimeControl "180+1"]
[EndTime "11:08:58 PDT"]
[Termination "Game drawn by repetition"]

1. e4 c5 2. Nf3 d6 3. d4 cxd4 4. Nxd4 Nf6 5. Nc3 Nc6 6. Bg5 e6 7. Qd2 h6 8. Nxc6 bxc6 9. Bf4 e5 10. Bg3 Nh5 11. Bc4 Be7 12. O-O-O Bg5 13. f4 exf4 14. Bf2 O-O 15. h4 Be7 16. Qe2 Ng3 17. Bxg3 fxg3 18. Rhf1 Bxh4 19. Kb1 Qe7 20. Qh5 Bf6 21. Ne2 Rb8 22. Bb3 Be6 23. Nxg3 Rb5 24. Nf5 Bxf5 25. Rxf5 Qxe4 26. Rxb5 cxb5 27. Qxb5 Qxg2 28. a4 Qf3 29. Rf1 Qe4 30. Qa6 h5 31. Ka2 h4 32. Qxa7 Qe5 33. c3 Qe2 34. Rf2 Qe5 35. Rf1 h3 36. Qf2 h2 37. Rh1 g6 38. Rxh2 Kg7 39. Rg2 Rh8 40.
Qf3 Rh4 41. Rf2 Rh2 42. Rxh2 Qxh2 43. Qd5 Qf2 44. Qxf7+ Kh6 45. Qf8+ Kg5 46. Qxd6 Kh4 47. Qc6 g5 48. Qh1+ Kg3 49. Qc6 g4 50. a5 Kh2 51. a6 g3 52. Bd5 Kg1 53. Qb7 Bxc3 54. a7 Bxb2 55. a8=Q Bc3+ 56. Ka3 Qc5+ 57. Kb3 Be5 58.
Be4 Qe3+ 59. Ka4 Kf2 60. Kb5 Qb3+ 61. Kc6 Qc4+ 62. Kd7 Qf7+ 63. Kc6 Qc4+ 64. Kd7 Qf7+ 65. Kc6 Qc4+ 1/2-1/2

[Event "*** SCC Grand Prix: Titled Tuesday Blitz"]
[Site "Chess.com"]
[Date "2020.09.08"]
[Round "6"]
[White "Off-War"]
[Black "Guenplen"]
[Result "0-1"]
[WhiteElo "2682"]
[BlackElo "2903"]
[TimeControl "180+1"]
[EndTime "11:08:59 PDT"]
[Termination "Guenplen won by resignation"]

1. d4 d5 2. c4 e6 3. Nc3 Nf6 4. cxd5 exd5 5. Bg5 c6 6. e3 Bf5 7. Qf3 Bg6 8. Bxf6 Qxf6 9. Qxf6 gxf6 10. Nf3 Be7 11.
Ne2 Nd7 12. Ng3 Nb6 13. Nh4 Nc4 14. O-O-O Nd6 15. Bd3 Rg8 16. Rhg1 a5 17. Nhf5 Nxf5 18. Nxf5 Bxf5 19. Bxf5 h6 20. g4 Bd6 21. h4 Kd8 22.
Kc2 Kc7 23. Kd3 a4 24. a3 Ra5 25. Rd2 Rb5 26. h5 Rb3+ 27. Kc2 Ra8 28. Kc1 Rb6 29. Bd3 Ra5 30. Rc2 Rb3 31. Rd1 Ra8 32. Bf5 Rb6 33.
Rc3 Kd8 34. Bc2 Kc7 35. Bb1 Kd8 36. Ba2 Ke7 37. Re1 Kf8 38. e4 Bf4+ 39. Kc2 Ra5 40. exd5 Rab5 41. Rb1 cxd5 42. b4 axb3+ 43. Bxb3 Kg7 44.
Ba2 Rxb1 45. Bxb1 f5 46. gxf5 Kf6 47. Ba2 Rb5 48. Rc5 Rxc5+ 49. dxc5 Ke5 50. Kd3 Bg5 51. f4+ Bxf4 52. a4 Bg3 53. Ke2 Bh2 54. Kf2 Bf4 55. a5 Bd2 56. c6 bxc6 57. a6 Ba5 58. Ke2 Bb6 59. Bb1 f6 60. Bc2 c5 61. Kf3 c4 62.
Ke2 d4 63. Kf3 d3 64. Ba4 Kd4 65. Bc6 c3 66. Ba4 c2 0-1

[Event "*** SCC Grand Prix: Titled Tuesday Blitz"]
[Site "Chess.com"]
[Date "2020.09.08"]
[Round "6"]
[White "Annawel"]
[Black "Reader777"]
[Result "0-1"]
[WhiteElo "2916"]
[BlackElo "2678"]
[TimeControl "180+1"]
[EndTime "11:09:00 PDT"]
[Termination "Reader777 won on time"]

1. Nf3 Nf6 2. g3 b5 3. Bg2 Bb7 4. d3 e6 5. e4 d6 6. O-O Be7 7.
Qe2 O-O 8. a4 a6 9. Nc3 b4 10. Nd1 Nbd7 11. c3 bxc3 12. bxc3 a5 13. Ne3 Ba6 14. c4 Rb8 15. Bd2 c6 16. Rfb1 Qc7 17. Qe1 Rxb1 18. Rxb1 Bd8 19. Nd4 Nc5 20. e5 Nxd3 21. Qe2 Nxe5 22. f4 Ng6 23. Nxc6 Qd7 24. Qe1 d5 25. Nxd8 Rxd8 26. Bxa5 Rc8 27. cxd5 Nxd5 28.
Nxd5 exd5 29. Bb6 Qxa4 30. Bxd5 Bc4 31. Rb4 Qxb4 32. Qxb4 Bxd5 33. Qd6 Be6 34. Bd4 Nf8 35. Qe5 f6 36. Qd6 Re8 37. Kg2 Bf7 38. h3 Ne6 39. Bc3 Rd8 40. Qb4 Nc7 41. Qe7 Rc8 42. Bd4 Nd5 43.
Qd7 Re8 44. Qd6 h5 45. g4 hxg4 46. hxg4 Re4 47. Kf3 Rxd4 48. Qb8+ Kh7 49. Qb1+ g6 50. f5 g5 51. Qh1+ Kg7 52. Qc1 Rf4+ 53. Kg3 Re4 54. Qc2 Re3+ 55. Kg2 Nf4+ 56. Kg1 Re1+ 57. Kf2 Re2+ 58. Qxe2 Nxe2 59. Kxe2 Kf8 0-1

[Event "*** SCC Grand Prix: Titled Tuesday Blitz"]
[Site "Chess.com"]
[Date "2020.09.08"]
[Round "6"]
[White "Jojo_1608"]
[Black "champ1000"]
[Result "0-1"]
[WhiteElo "2186"]
[BlackElo "2295"]
[TimeControl "180+1"]
[EndTime "11:09:00 PDT"]
[Termination "champ1000 won on time"]

1. d4 Nf6 2. c4 e6 3. Nc3 Bb4 4. e3 c5 5. Ne2 cxd4 6. exd4 d5 7.
a3 Bxc3+ 8. Nxc3 h6 9. c5 O-O 10. Be2 Nc6 11. O-O e5 12. dxe5 Nxe5 13. Bf4 Re8 14.
Bb5 Bd7 15. Re1 Bxb5 16. Nxb5 Ng6 17. Rxe8+ Nxe8 18. Bg3 a6 19. Nd6 Nxd6 20. cxd6 Qg5 21.
Qd4 Kh7 22. Rd1 f5 23. Be5 Re8 24. f4 Qg4 25. Qxd5 Nxe5 26. fxe5 Rxe5 27. Qd3 Re2 28.
g3 Rxb2 29. Rf1 Qh3 30. Qxf5+ Qxf5 31. Rxf5 Rd2 32. Rf7 Rxd6 33. Rxb7 Rd3 34. a4 Rd4 35. a5 Rd5 36. Kf2 Rxa5 37. Kf3 Ra4 38. Ra7 Kg6 39. h4 Kf6 40. g4 Kg6 41. h5+ Kf6 42. Kg3 Ra5 43. Kh4 Ra3 44. Rb7 a5 45. Ra7 a4 46.
Ra6+ Kf7 47. g5 hxg5+ 48. Kxg5 Ra1 49. Ra7+ Kf8 50. Kg6 Rg1+ 51. Kh7 Rh1 52. Kg6 Rg1+ 53. Kh7 Rg4 54. Ra8+ Kf7 55. Ra6 Rh4 56. Ra7+ Kf6 0-1

[Event "*** SCC Grand Prix: Titled Tuesday Blitz"]
[Site "Chess.com"]
[Date "2020.09.08"]
[Round "6"]
[White "GMaka"]
[Black "ChessicallyInclined"]
[Result "1-0"]
[WhiteElo "2381"]
[BlackElo "2546"]
[TimeControl "180+1"]
[EndTime "11:09:03 PDT"]
[Termination "GMaka won by checkmate"]

1. d4 Nf6 2. Bg5 e6 3. e4 h6 4. Bxf6 Qxf6 5. Nc3 d6 6. Qd2 Nd7 7. O-O-O c5 8. d5 e5 9. g3 h5 10. Bh3 g6 11. Kb1 Bh6 12. Qe2 a6 13. a4 O-O 14. Nf3 Rd8 15. Nh4 Nf8 16. Bxc8 Raxc8 17. Rhf1 c4 18. Ng2 Qe7 19. f4 Bg7 20. f5 Qd7 21.
fxg6 fxg6 22. Rf2 b5 23. Rdf1 b4 24. Rf7 Qxf7 25. Rxf7 Kxf7 26. Nd1 Nh7 27. Nde3 b3 28. Nxc4 bxc2+ 29. Kxc2 Nf6 30. b3 Rc7 31. Nh4 Bf8 32. Nf3 Bh6 33. Kb2 Kg7 34. h4 Ne8 35. Ng5 Bxg5 36. hxg5 Rf7 37. Ka3 Nc7 38. Qe3 Ne8 39. Qb6 Rdd7 40. Qxa6 Rf3 41. Qc8 Re7 42. Qd8 Kf7 43.
Nxd6+ Nxd6 44. Qxd6 Rxg3 45. Qf6+ Ke8 46. Qxg6+ Kd7 47.
Qf5+ Kd6 48. Qf6+ Kd7 49. d6 Re6 50. Qf5 Kxd6 51. a5 Rg1 52. Kb4 Ra1 53. Kb5 h4 54. g6 Rg1 55. Qf8+ Kd7 56. Qf7+ Re7 57. Qf5+ Re6 58.
Qf7+ Kd6 59. Qf8+ Kd7 60. Qh8 Rexg6 61. Qxh4 Rg7 62. Qh3+ Kd6 63. b4 R1g6 64. Qd3+ Kc7 65. Qc4+ Kb7 66. Qd5+ Ka7 67. Qc5+ Kb7 68. Qxe5 Rc7 69.
Qd5+ Rgc6 70. e5 Rc8 71. a6+ Ka7 72. Ka5 Rc1 73. Qd4+ Ka8 74. b5 Ra1+ 75. Qxa1 Rb8 76. Qh1+ Ka7 77. Qh7+ Ka8 78. b6 Rd8 79. Qb7# 1-0

[Event "*** SCC Grand Prix: Titled Tuesday Blitz"]
[Site "Chess.com"]
[Date "2020.09.08"]
[Round "6"]
[White "OhanyanEminChess"]
[Black "PawnEatingZombie"]
[Result "0-1"]
[WhiteElo "2517"]
[BlackElo "2190"]
[TimeControl "180+1"]
[EndTime "11:09:04 PDT"]
[Termination "PawnEatingZombie won by checkmate"]

1. e4 c6 2. d4 d5 3. Nc3 dxe4 4.
Nxe4 Bf5 5. Ng3 Bg6 6. h4 h6 7. Nf3 Nd7 8. h5 Bh7 9. Bd3 Bxd3 10.
Qxd3 e6 11. Bd2 Ngf6 12. O-O-O Be7 13. Ne4 Nxe4 14. Qxe4 Nf6 15. Qe2 a5 16. Ne5 a4 17.
c4 a3 18. Bc3 axb2+ 19. Kb1 Qb6 20. Qxb2 Qxb2+ 21. Bxb2 Bd6 22. f3 O-O 23. g4 Rfd8 24.
Rhe1 Ra4 25. Kc2 Rxa2 26. Ra1 Rda8 27. Nd3 Rxa1 28. Bxa1 Nd7 29. Bb2 b5 30. c5 Bc7 31.
Nb4 Nb8 32. Kb3 Ra4 33. Ra1 Rxa1 34. Bxa1 Ba5 35. Nd3 Nd7 36. Bc3 Bc7 37. Nb4 Nb8 38. Nd3 f6 39. Bd2 Kf7 40. Be3 Ke7 41. Nb4 e5 42. d5 cxd5 43. Nxd5+ Kd7 44. Nc3 Kc6 45. Ne4 Nd7 46. Ng3 Nxc5+ 47. Bxc5 Kxc5 48. Nf5 Kd5 49. Nxg7 Bd6 50. Nf5 Bf8 51. Kc3 e4 52. f4 b4+ 53.
Kb3 e3 54. Nxe3+ Ke4 55. Nc4 Kxf4 56. g5 fxg5 57. Nd2 Kg4 58. Kc4 Kxh5 59. Nf1 Kg6 60. Kd3 h5 61. Ke2 g4 62. Ne3 Kg5 63. Nc4 h4 64. Kf2 h3 65. Kg3 Bc5 66. Kh2 b3 67. Nb2 Bd4 68. Nd3 b2 69. Nxb2 Bxb2 70. Kh1 g3 71.
Kg1 Kg4 72. Kh1 Kf3 73. Kg1 Bd4+ 74. Kh1 g2+ 75. Kh2 g1=Q+ 76. Kxh3 Qg3# 0-1